 Dungeon Crawl Stone Soup version 0.31-a0-182-gc5ef74b (webtiles) character file.

Game seed: 6445380318530342079

107 Dawnplanks the Ruffian (level 4, -2/42 HPs)
             Began as an Ogre Transmuter on June 20, 2023.
             Slain by an orc
             ... wielding a +0 hand axe
              (6 damage)
             ... on level 3 of the Dungeon.
             The game lasted 00:03:27 (1939 turns).

Dawnplanks the Ruffian (Ogre Transmuter)            Turns: 1939, Time: 00:03:28

Health: -2/42      AC:  3    Str: 16    XL:     4   Next: 85%
Magic:  9/9        EV: 10    Int: 14    God:
Gold:   88         SH:  0    Dex:  9    Spells: 6/9 levels left

rFire   . .          .
                       - Unarmed
rCold   . . .        (no shield)
rNeg    . . .        a - +0 robe
rPois   .            (helmet restricted)
rElec   .            (no cloak)
rCorr   .            (gloves unavailable)
SInv    .            (boots unavailable)
Will    .....        (no amulet)
Stlth   +            (no ring)
HPRegen 0.27/turn    (no ring)
MPRegen 0.11/turn

%: no passive effects
@: no status effects
A: large, unfitting armour, tough skin 1
a: no special abilities


You were on level 3 of the Dungeon.
You visited 1 branch of the dungeon, and saw 3 of its levels.

You collected 88 gold pieces.

Inventory:

Armour
 a - a +0 robe (worn)
Jewellery
 e - an amulet of guardian spirit
Scrolls
 c - 2 scrolls of summoning {unknown}
 d - a scroll of torment {unknown}
 g - a scroll of revelation {unknown}
 h - a scroll of brand weapon {unknown}
 i - a scroll of immolation {unknown}
 j - a scroll of noise {unknown}
 k - a scroll of identify {unknown}
Potions
 b - a potion of lignification
 f - 3 potions of curing {unknown}
 l - 2 potions of berserk rage {unknown}


   Skills:
 + Level 2.0 Fighting
 + Level 2.2 Dodging
 + Level 3.6 Unarmed Combat
 + Level 3.4 Spellcasting
 + Level 2.3 Transmutations


You had 6 spell levels left.
You knew the following spells:

 Your Spells              Type           Power      Damage    Failure   Level
a - Beastly Appendage     Tmut           18%        N/A       8%          1
b - Wereblood             Tmut           9%         N/A       12%         2

Your spell library contained the following spells:

 Spells                   Type           Power      Damage    Failure   Level
 Freeze                   Ice            8%         1d3       21%         1
 Spider Form              Tmut/Pois      5%         N/A       36%         3
 Frozen Ramparts          Ice            4%         1d1       52%         3
 Hailstorm                Conj/Ice       2%         3d3       52%         3
 Ice Form                 Ice/Tmut       5%         N/A       77%         4


Dungeon Overview and Level Annotations

Branches:
Dungeon (3/15)

Altars:


Innate Abilities, Weirdness & Mutations

You are too large for most types of armour.
You have tough skin. (AC +1)


Message History

An endoplasm comes into view.
You punch the orc!
You feel a bit better.
You kill the orc!
You feel sick.
You are no longer poisoned.
You hit the orc but do no damage. You claw the orc!
You feel a bit better.
You kill the orc!
You barely miss the orc.
Your horns disappear.
Your talons disappear.
You hit the endoplasm.
The endoplasm is heavily wounded.
The orc hits you with a +0 hand axe. The orc closely misses you.
The endoplasm freezes you.
You are frozen.
* * * LOW HITPOINT WARNING * * *
You hit the endoplasm.
You feel a bit better.
You kill the endoplasm!
You punch the orc!
The orc is almost dead.
Your primal bloodlust has ended.
The orc hits you with a +0 hand axe.
* * * LOW HITPOINT WARNING * * *
The orc closely misses you.
You barely miss the orc. You punch the orc.
You kill the orc!
The orc hits you with a +0 hand axe.
* * * LOW HITPOINT WARNING * * *
You hit the endoplasm.
The endoplasm is moderately wounded.
The endoplasm freezes you.
You are frozen.
* * * LOW HITPOINT WARNING * * *
The orc closely misses you.
You completely miss the endoplasm.
The endoplasm is moderately wounded.
The endoplasm closely misses you. The orc barely misses you.
You punch the endoplasm!
You kill the endoplasm!
The orc hits you with a +0 hand axe.
You die...

.#..# #....~.~~~...~.... .
#...### #..~.~...~...~~... ..
#.....# #..........###..(.
...+##.....# #..........# #....
#...#....# #..........# #....
#......###..........# #....
#..†.....#..........# #....
#........#o.........# #....
#...#....†.o@................
...'##.....####......#####.....
... #.....# ###...# #..... ..
#...### ...# #.#... . ..#..#
..# .... .#...## .. .#.# ####
...


You could see 2 orcs.

Vanquished Creatures
  A gnoll (D:1)
  4 adders
  A dart slug (D:2)
  3 orcs (D:3)
  8 endoplasms
  5 giant cockroaches
  A goblin (D:1)
  3 hobgoblins
  4 quokkas
  7 ball pythons
  3 bats
  6 frilled lizards
  3 kobolds
  7 rats
56 creatures vanquished.

Notes
Turn   | Place    | Note
-------+----------+-------------------------------------------
     0 | D:1      | Dawnplanks the Ogre Transmuter began the quest for the Orb.
     0 | D:1      | Reached XP level 1. HP: 19/19 MP: 3/3
   188 | D:1      | Reached XP level 2. HP: 19/27 MP: 3/5
   459 | D:1      | Reached XP level 3. HP: 25/33 MP: 5/7
   725 | D:2      | Learned a level 2 spell: Wereblood
   998 | D:2      | Reached XP level 4. HP: 11/42 MP: 8/8
  1753 | D:3      | Found a faded altar of an unknown god.
  1939 | D:3      | Slain by an orc

Illustrated notes

Levels and vault maps discovered:
D:1:      wander_arrival_abandoned_jail, layout_rooms, st_stairs_9
D:2:      layout_basic, st_stairs_9
D:3:      layout_rooms, lemuel_doored_altar, chequers_ecumenical_altar_island,
          minmay_fractal_squares_diagonal_5

Skill      XL: |  1  2  3  4 |
---------------+-------------+-----
Unarmed Combat | 3 |  3.6
Transmutations | 2 |  2.3
Dodging        | 2 |  2.2
Spellcasting   | 3 |  3.4
Fighting       | 2 |  2.0

Action                     |  1- 3 |  4- 6 || total
---------------------------+-------+-------++-------
  Melee: Unarmed           |   101 |    72 ||   173
         Kick              |    14 |    13 ||    27
         Headbutt          |     9 |     9 ||    18
         Punch             |     3 |     2 ||     5
   Cast: Beastly Appendage |    16 |    14 ||    30
         Wereblood         |       |     2 ||     2
 Armour: Robe              |    34 |    21 ||    55
  Dodge: Dodged            |    54 |    35 ||    89

Table legend: (Time is in decaauts)
 A = Elapsed time spent in this place.
 B = Non-inter-level travel time spent in this place.
 C = Inter-level travel time spent in this place.
 D = Time resting spent in this place.
 E = Time spent auto-exploring this place.
 F = Levels seen in this place.
 G = Mean time per level.
                   A        B        C        D        E       F      G
               +--------+--------+--------+--------+--------+-----+--------+
         Total |   1928 |   1846 |     82 |      0 |   1481 |   3 |  642.7 |
       Dungeon |   1928 |   1846 |     82 |      0 |   1481 |   3 |  642.7 |
               +--------+--------+--------+--------+--------+-----+--------+

Top non-repeatable levels by time:
     D:2: 950 daAuts
     D:1: 698 daAuts
     D:3: 279 daAuts
